 Dungeon Crawl Stone Soup version 0.23.2-40-g277498a001 (webtiles) character file.

Game seed: 2594396298826158210

554229 DildoBatman the Metallomancer (level 27, -5/209 HPs)
             Began as a Formicid Wizard on Sept 17, 2019.
             Was an Initiate of Gozag.
             Slain by a bennu (20 damage)
             ... on level 1 of the Tomb of the Ancients on Sept 18, 2019.
             The game lasted 06:26:52 (68686 turns).

DildoBatman the Metallomancer (Formicid Wizard)    Turns: 68686, Time: 06:26:53

Health: -5/209     AC: 25    Str: 15      XL:     27
Magic:  23/43      EV: 22    Int: 42      God:    Gozag
Gold:   10551      SH: 22    Dex: 21 (23) Spells: 7/58 levels left

rFire    + . .     SeeInvis +   b - staff of wizardry
rCold    + + .     Gourm    .   D - +0 large shield
rNeg     + + +     Faith    .   o - +4 troll leather armour
rPois    ∞         Spirit   .   (helmet unavailable)
rElec    +         Reflect  +   u - +2 cloak {rPois}
rCorr    +         Harm     .   A - +2 pair of gloves {Dex+3}
MR       ++++.                  L - +2 pair of boots {Fly}
Stlth    ++++++....             g - amulet of Epsag {Reflect +Inv rElec Str-3 Dex+4 SH+2}
HPRegen  0.84/turn              B - ring of Aclel {Wiz +Blink rPois Slay+2}
MPRegen  0.28/turn              f - ring of Hufuth {rPois MR+ Int+7 Stlth+}

@: mighty, brilliant, agile, lich-form, resistant, aura of abjuration, flying,
very slightly contaminated, studying 2 skills, invisible (expiring), deflect
missiles
A: permanent stasis, dig shafts and tunnels, four strong arms, antennae 3, thin
skeletal structure 1, robust 1
}: 3/15 runes: decaying, serpentine, silver
a: Dig, Shaft Self, End Transformation, Potion Petition, Call Merchant, Bribe
Branch, Renounce Religion


You were on level 1 of the Tomb of the Ancients.
You worshipped Gozag.
Gozag was extremely pleased with you.
You were not hungry.
You were a lich.
You visited 10 branches of the dungeon, and saw 44 of its levels.
You also visited: Sewer, Gauntlet and Volcano.

You collected 25909 gold pieces.
You spent 7959 gold pieces at shops.
You paid 7399 gold pieces to Gozag.

Inventory:

Hand Weapons
 c - a +9 demon whip of electrocution
 d - a +9 lajatang of electrocution
 e - the +10 flail "Farrinun" {freeze, rF++ Dex+2}
   (You took it off a deep elf sorcerer on level 3 of the Elven Halls)

   It has been specially enchanted to freeze those struck by it, causing extra
   injury to most foes and up to half again as much damage against particularly
   susceptible opponents.
   It can also slow down cold-blooded creatures.
   It affects your dexterity (+2).
   It greatly protects you from fire.
Missiles
 K - 2 throwing nets (quivered)
Armour
 o - a +4 troll leather armour (worn)
 u - a +2 cloak of poison resistance (worn)
 A - a +2 pair of gloves of dexterity (worn)
 D - a +0 large shield (worn)
 L - a +2 pair of boots of flying (worn)
Magical Staves
 a - an uncursed staff of energy
 b - an uncursed staff of wizardry (weapon)
Jewellery
 f - the ring of Hufuth (right hand) {rPois MR+ Int+7 Stlth+}
   (You found it on level 3 of the Crypt)

   [ring of poison resistance]

   It affects your intelligence (+7).
   It protects you from poison.
   It affects your resistance to hostile enchantments.
   It makes you more stealthy.
 g - the amulet of Epsag (around neck) {Reflect +Inv rElec Str-3 Dex+4 SH+2}
   (You found it on level 3 of the Elven Halls)

   [amulet of reflection]

   It shields you and reflects attacks.
   It affects your strength (-3).
   It affects your dexterity (+4).
   It insulates you from electricity.
   It lets you turn invisible.
   It affects your SH (+2).
 B - the ring of Aclel (left hand) {Wiz +Blink rPois Slay+2}
   (You found it on level 3 of the Crypt)

   [ring of wizardry]

   It improves your spell success rate.
   It affects your accuracy and damage with ranged weapons and melee attacks
   (+2).
   It protects you from poison.
   It lets you blink.
 V - the ring of Qupaigoi {rC+ MR+ Dex+3}
   (You found it on level 2 of the Vaults)

   [ring of dexterity]

   It affects your dexterity (+3).
   It protects you from cold.
   It affects your resistance to hostile enchantments.
 X - a +5 ring of protection
Wands
 n - a wand of paralysis (24)
 y - a wand of acid (59)
 O - a wand of scattershot (8)
 Q - a wand of disintegration (66)
 Z - a wand of iceblast (58)
Scrolls
 k - a scroll of enchant armour
 l - 6 scrolls of fog
 s - 15 scrolls of immolation
 w - 4 scrolls of amnesia
 x - 25 scrolls of remove curse
 z - 18 scrolls of identify
 C - 8 scrolls of magic mapping
 P - 3 scrolls of torment
 U - a scroll of summoning
 Y - 3 scrolls of holy word
Potions
 h - 5 potions of mutation
 m - a potion of resistance
 F - 7 potions of brilliance
 G - 19 potions of curing
 H - 2 potions of cancellation
 J - 2 potions of invisibility
 M - 8 potions of ambrosia
 N - 2 potions of magic
 S - 5 potions of might
 W - 2 potions of agility
Books
 q - a manual of Shields
 t - a manual of Maces & Flails
Miscellaneous
 i - a fan of gales (inert)
 j - 3 boxes of beasts
 p - a lamp of fire (inert)
 E - a lightning rod (2/4)
 R - a sack of spiders
 T - 6 phantom mirrors
Comestibles
 v - 30 rations


   Skills:
 - Level 10.1 Fighting
   Level 5.0 Short Blades
 - Level 5.3 Maces & Flails
   Level 5.1 Polearms
 - Level 9.0 Armour
 - Level 7.0 Dodging
 - Level 6.0 Stealth
 - Level 16.0 Shields
 - Level 16.0 Spellcasting
 - Level 10.0 Conjurations
 - Level 6.2 Hexes
 - Level 10.0 Charms
 - Level 10.0 Summonings
 - Level 19.0 Necromancy
   Level 0.8 Translocations
 - Level 16.0 Transmutations
 - Level 5.0 Fire Magic
 - Level 10.0 Air Magic
 * Level 21.9 Earth Magic
   Level 6.0 Poison Magic
 - Level 8.0 Evocations


You had 7 spell levels left.
You knew the following spells:

 Your Spells              Type           Power        Failure   Level  Hunger
a - Conjure Flame         Conj/Fire      #######.     1%          3    N/A
b - Shatter               Erth           ########..   1%          9    N/A
c - Bolt of Magma         Conj/Fire/Erth ########..   1%          5    N/A
d - Necromutation         Tmut/Necr      ########..   1%          8    N/A
e - Regeneration          Chrm/Necr      ########..   0%          3    N/A
f - Spectral Weapon       Hex/Chrm       #######.     1%          3    N/A
g - Swiftness             Chrm/Air       #######.     1%          2    N/A
h - Dispel Undead         Necr           ########     0%          5    N/A
i - Aura of Abjuration    Summ           #######...   1%          5    N/A
j - Deflect Missiles      Chrm/Air       #######...   1%          6    N/A
z - Sublimation of Blood  Necr           ########..   0%          2    N/A

Your spell library contained the following spells:

 Spells                   Type           Power        Failure   Level  Hunger
 Animate Skeleton         Necr           N/A          0%          1    N/A
 Infusion                 Chrm           ####         0%          1    N/A
 Magic Dart               Conj           ####         0%          1    N/A
 Pain                     Necr           ####         0%          1    N/A
 Shock                    Conj/Air       ####         0%          1    N/A
 Summon Butterflies       Summ           #######.     0%          1    N/A
 Summon Small Mammal      Summ           ####         0%          1    N/A
 Corpse Rot               Necr           N/A          0%          2    N/A
 Vampiric Draining        Necr           ########..   0%          3    N/A
 Animate Dead             Necr           N/A          0%          4    N/A
 Agony                    Necr           ########     0%          5    N/A
 Apportation              Tloc           ######       1%          1    N/A
 Confusing Touch          Hex            ######       1%          1    N/A
 Corona                   Hex            #######      1%          1    N/A
 Flame Tongue             Conj/Fire      #####        1%          1    N/A
 Sting                    Conj/Pois      ####         1%          1    N/A
 Call Imp                 Summ           #######.     1%          2    N/A
 Poisonous Vapours        Pois/Air       ######       1%          2    N/A
 Searing Ray              Conj           ######       1%          2    N/A
 Shroud of Golubria       Chrm/Tloc      #######...   1%          2    N/A
 Slow                     Hex            #######.     1%          2    N/A
 Song of Slaying          Chrm           #######.     1%          2    N/A
 Call Canine Familiar     Summ           #######.     1%          3    N/A
 Dazzling Spray           Conj/Hex       ######       1%          3    N/A
 Gell's Gravitas          Tloc           ######....   1%          3    N/A
 Ignite Poison            Fire/Tmut/Pois #######.     1%          3    N/A
 Inner Flame              Hex/Fire       #######.     1%          3    N/A
 Lesser Beckoning         Tloc           ######....   1%          3    N/A
 Mephitic Cloud           Conj/Pois/Air  #######.     1%          3    N/A
 Portal Projectile        Hex/Tloc       ######       1%          3    N/A
 Recall                   Summ/Tloc      N/A          1%          3    N/A
 Spider Form              Tmut/Pois      ########..   1%          3    N/A
 Static Discharge         Conj/Air       #######.     1%          3    N/A
 Summon Guardian Golem    Hex/Summ       #######.     1%          3    N/A
 Teleport Other           Tloc           ######..     1%          3    N/A
 Airstrike                Air            #######...   1%          4    N/A
 Cause Fear               Hex            #######...   1%          4    N/A
 Force Lance              Conj/Tloc      #######.     1%          4    N/A
 Fulminant Prism          Conj/Hex       #######...   1%          4    N/A
 Iskenderun's Mystic Bla  Conj           #######.     1%          4    N/A
 Leda's Liquefaction      Hex/Erth       ########..   1%          4    N/A
 Olgreb's Toxic Radiance  Pois           #######.     1%          4    N/A
 Passage of Golubria      Tloc           N/A          1%          4    N/A
 Summon Ice Beast         Ice/Summ       #######.     1%          4    N/A
 Summon Lightning Spire   Summ/Air       #######.     1%          4    N/A
 Alistair's Intoxication  Tmut/Pois      ########     1%          5    N/A
 Bolt of Draining         Conj/Necr      ########..   1%          5    N/A
 Excruciating Wounds      Chrm/Necr      ########..   1%          5    N/A
 Fireball                 Conj/Fire      #######...   1%          5    N/A
 Irradiate                Conj/Tmut      ########..   1%          5    N/A
 Lightning Bolt           Conj/Air       #######...   1%          5    N/A
 Silence                  Hex/Air        #######...   1%          5    N/A
 Summon Demon             Summ           #######...   1%          5    N/A
 Summon Forest            Summ/Tloc      #######...   1%          5    N/A
 Summon Mana Viper        Hex/Summ       #######.     1%          5    N/A
 Venom Bolt               Conj/Pois      #######...   1%          5    N/A
 Yara's Violent Unravell  Hex/Tmut       ########..   1%          5    N/A
 Bolt of Fire             Conj/Fire      #######...   1%          6    N/A
 Conjure Ball Lightning   Conj/Air       #######...   1%          6    N/A
 Hydra Form               Tmut           ########..   1%          6    N/A
 Iron Shot                Conj/Erth      ########..   1%          6    N/A
 Shadow Creatures         Summ           N/A          1%          6    N/A
 Simulacrum               Ice/Necr       ########..   1%          6    N/A
 Statue Form              Tmut/Erth      ########.    1%          6    N/A
 Dragon Form              Tmut           ########..   1%          7    N/A
 Haunt                    Necr/Summ      ########..   1%          7    N/A
 Summon Hydra             Summ           #######...   1%          7    N/A
 Ring of Flames           Chrm/Fire      #######...   4%          7    N/A
 Borgnjor's Revivificati  Necr           ########..   1%          8    N/A
 Infestation              Necr           ########..   1%          8    N/A
 Death's Door             Chrm/Necr      ########..   2%          8    N/A
 Discord                  Hex            #######...   41%         8    N/A
 Ignition                 Fire           #######...   56%         8    N/A
 Dragon's Call            Summ           #######...   77%         9    N/A
 Tornado                  Air            #######...   77%         9    N/A
 Blink                    Tloc           Unusable     N/A         2    N/A

Dungeon Overview and Level Annotations

Branches:
Dungeon (15/15)            Temple (1/1) D:5            Lair (6/6) D:8
  Swamp (4/4) Lair:4        Snake (4/4) Lair:4        Slime (0/5) Lair:6
    Orc (2/2) D:11            Elf (3/3) Orc:2        Vaults (5/5) D:13
  Crypt (3/3) Vaults:3       Tomb (1/3) Crypt:3      Depths (0/5) D:15

Altars:
Ashenzari
Cheibriados
Dithmenos
Elyvilon
Fedhas
Gozag
Hepliaklqana
Kikubaaqudgha
Makhleb
Nemelex Xobeh
Okawaru
Qazlal
Ru
Sif Muna
Trog
Uskayaw
Vehumet
Wu Jian
Xom
Yredelemnul
Zin
The Shining One
Beogh
Jiyva

Shops:
D:7 !   D:9 !*!(*   D:15 [   Orc:2 *}[%   Elf:1 [   Elf:3 **}=}[
Snake:1 **((*   Snake:2 ([   Vaults:2 :


Innate Abilities, Weirdness & Mutations

You cannot be hasted, slowed, berserked, paralysed or teleported.
You can dig through walls and to a lower floor.
Your four strong arms can wield two-handed weapons with a shield.
You have a pair of large antennae on your head. (SInv)
You have a somewhat thin skeletal structure. (Dex +2, Stealth)
You are robust. (+10% HP)


Message History

Press: ? - help, Shift-Dir - straight line, f/p - bennu
Aim: a bennu (flame, severely wounded)
The bolt of magma misses the bennu.
The bolt of magma hits the death scarab!!!
You destroy the death scarab!
The death scarab's corpse disappears in a puff of smoke!
The emperor scorpion disappears in a puff of smoke! x2
The emperor scorpion shudders.
The emperor scorpion disappears in a puff of smoke!
The death scarab disappears in a puff of smoke! x3
You flicker for a moment.
The bennu pecks you but does no damage. The bennu closely misses you.
You block the bennu's attack. The bennu pecks you! The bennu sears you!!
You block the bennu's attack. The bennu claws you!!
You die...
Your body crumbles into a pile of gold.

.§$^...§##.........##
#...#.............. {{
##...............#
######...............##.#########
........§...........§............
........§...$..§..§§.............
.............§M§§§...............
.............s§○b................
............§§=§L○...............
............§..M.§...............
..............§.§.§..............
..................○..............
...................§.............
.................................
.................................
.................................
#################################


You could see 2 greater mummies, an emperor scorpion (wandering) and a bennu.

Vanquished Creatures
  Mara (Snake:4)
  3 ancient liches
  the Lernaean hydra (Swamp:4)
  6 greater mummies (Tomb:1)
  Frederick (Tomb:1)
  Bai Suzhen (Snake:4)
  Saint Roka (Orc:1)
  Xtahua (Crypt:1)
  4 golden dragons
  Jory (Crypt:3)
  A bone dragon (Crypt:1)
  3 liches
  2 tentacled monstrosities (Vaults:5)
  Rupert (Lair:4)
  4 deep elf blademasters (Elf:3)
  3 deep elf master archers (Elf:3)
  6 titans
  8 sphinxes
  4 ancient champions
  6 shadow dragons
  Agnes (D:14)
  2 thorn hunters (Swamp:3)
  Kirke (Swamp:3)
  Donald (Elf:2)
  2 storm dragons (Vaults:5)
  6 tengu reavers
  14 nagarajas
  A fire giant (Vaults:4)
  9 deep elf sorcerers (Elf:3)
  A revenant (Crypt:2)
  6 frost giants
  12 vault wardens
  8 deep elf elementalists
  An iron dragon (Vaults:5)
  Aizul (Snake:4)
  A ghost moth (shapeshifter) (D:15)
  3 curse skulls
  16 ironheart preservers
  The ghost of kalagan the Convoker, a journeyman BaSu of Sif Muna (Elf:3)
  8 reapers (Crypt:3)
  3 ghouls (Crypt:1)
  10 stone giants
  6 war gargoyles
  6 deep elf demonologists
  9 very ugly things
  An entropy weaver (Vaults:4)
  Nessos (D:15)
  A bennu (Tomb:1)
  7 vampire knights
  7 deep elf annihilators (Elf:3)
  11 deep elf death magi
  6 ettins
  A minotaur (Gauntlet)
  12 eidola
  Snorg (Lair:6)
  10 mummy priests
  2 great orbs of eyes
  7 jiangshi
  A quicksilver dragon skeleton (Crypt:3)
  4 deep elf high priests
  13 yaktaur captains
  4 rakshasas
  A fire dragon (Vaults:3)
  An ice dragon (Vaults:4)
  28 vault guards
  18 hydras
  13 naga warriors
  12 anacondas
  3 shambling mangroves
  2 catoblepae
  3 ghost crabs
  12 centaur warriors
  5 death knights
  13 alligators
  40 two-headed ogres
  10 death scarabs (Tomb:1)
  16 ogre magi
  10 death yaks (Lair:6)
  2 deep troll earth magi (Vaults:5)
  A tengu warrior (D:13)
  18 naga sharpshooters
  7 shock serpents
  2 vampire magi (Crypt:2)
  4 soul eaters
  3 titan zombies (Crypt:3)
  26 deep elf knights
  A titan skeleton (Crypt:1)
  23 skeletal warriors
  A shadow wraith (Vaults:4)
  8 deep trolls
  A storm dragon skeleton (Crypt:1)
  5 flayed ghosts
  3 unseen horrors
  An anaconda zombie (Crypt:3)
  3 spriggan druids
  2 wizards (Vaults:3)
  2 glowing orange brains
  An iron giant zombie (Crypt:2)
  A shadow dragon zombie (Crypt:1)
  A death drake (shapeshifter) (Vaults:1)
  13 ironbrand convokers
  An orange crystal statue (Gauntlet)
  An obsidian statue (Elf:3)
  13 naga ritualists
  9 deep elf archers
  9 swamp dragons
  3 anaconda skeletons (Crypt:1)
  2 stone giant zombies (Crypt:1)
  19 phantasmal warriors
  57 deep elf magi
  5 orc sorcerers
  2 oklob plants (Lair:4)
  An orb spider (shapeshifter) (D:15)
  7 mana vipers
  12 necromancers
  33 ugly things
  20 orc knights
  9 wolf spiders
  The ghost of icedog the Poker, a novice BaCK of Xom (D:6)
  A wolf spider zombie (Crypt:3)
  2 fire giant zombies (Crypt:3)
  6 shadow dragon skeletons
  8 cyclopes
  A manticore (shapeshifter) (Vaults:5)
  A shining eye (shapeshifter) (Elf:1)
  2 iron dragon zombies (Crypt:3)
  9 salamanders
  A sphinx skeleton (Crypt:1)
  A manticore (D:14)
  5 elephants (Lair:6)
  20 naga magi
  2 centaur zombies
  2 frost giant skeletons (Crypt:1)
  2 stone giant skeletons (Crypt:1)
  An iron dragon skeleton (Crypt:3)
  41 black mambas
  2 fire giant skeletons (Crypt:1)
  20 guardian serpents
  Joseph (D:9)
  5 gargoyles
  14 vault sentinels
  16 spiny frogs
  A pale draconian zombie (Crypt:2)
  8 komodo dragons
  2 dire elephant skeletons (Crypt:3)
  A death yak zombie (Lair:5)
  27 yaktaurs
  The ghost of DildoBatman the Conjurer, a novice FoWz of Kikubaaqudgha (D:6)
  A rime drake (shapeshifter) (Vaults:4)
  2 efreet
  A death yak skeleton (Lair:4)
  16 freezing wraiths
  13 hellwings (Crypt:3)
  An alligator snapping turtle skeleton (Crypt:1)
  A purple draconian skeleton (Crypt:3)
  11 tyrant leeches
  13 trolls
  7 polar bears
  2 hydra zombies
  8 guardian mummies
  A polar bear (shapeshifter) (Vaults:2)
  A queen bee (D:9)
  A jumping spider (Crypt:3)
  A slime creature (shapeshifter) (Vaults:4)
  7 hydra skeletons
  22 slime creatures
  9 dream sheep
  18 bog bodies
  23 hornets
  25 blink frogs
  A harpy skeleton (Crypt:1)
  14 hippogriffs
  A frost giant simulacrum (Vaults:1)
  2 ettin zombies (Crypt:3)
  14 flying skulls (Crypt:1)
  A hippogriff (shapeshifter) (Vaults:5)
  An ice dragon skeleton (Crypt:3)
  Sigmund (D:5)
  7 shadows
  A centaur simulacrum (D:12)
  A vampire (D:15)
  5 redbacks (Crypt:3)
  13 spriggans
  3 ushabtiu (Tomb:1)
  2 air elementals
  2 black mamba zombies
  3 fire dragon skeletons
  31 yaks
  6 fire elementals
  3 water elementals
  18 wraiths
  A hog (shapeshifter) (Vaults:4)
  3 black mamba skeletons
  5 wyverns
  2 ettin skeletons
  3 basilisks
  2 golden eyes (shapeshifter)
  6 hogs
  A basilisk (shapeshifter) (D:14)
  A human (shapeshifter) (Vaults:1)
  3 hungry ghosts
  A neqoxec (Gauntlet)
  A human simulacrum (Vaults:1)
  A chaos spawn (Gauntlet)
  22 vampire mosquitoes
  10 swamp worms
  50 nagas
  8 insubstantial wisps
  5 spiny frog zombies
  An acid dragon (D:12)
  7 wargs
  11 water moccasins
  An infernal demonspawn zombie (Crypt:2)
  8 porcupines
  4 ice beasts
  56 orc warriors
  17 swamp drakes
  An elephant zombie (Lair:5)
  5 sky beasts
  4 black bears
  3 necrophages
  3 spiny frog skeletons
  A tengu (shapeshifter) (D:13)
  43 ogres
  5 boggarts (Lair:6)
  An eye of draining (shapeshifter) (D:15)
  3 phantoms
  A blink frog skeleton (Lair:6)
  49 centaurs
  25 wolves
  A manticore skeleton (Crypt:1)
  2 snapping turtle skeletons (Crypt:1)
  2 swamp dragon skeletons
  17 crocodiles
  A hog skeleton (Crypt:1)
  7 big kobolds
  A rime drake zombie (Lair:4)
  A komodo dragon zombie (Lair:6)
  2 gnoll sergeants
  13 bullfrogs
  A rime drake skeleton (Crypt:2)
  An elf skeleton (Crypt:1)
  4 komodo dragon skeletons (Lair:6)
  A glowing shapeshifter simulacrum (Vaults:1)
  A hippogriff skeleton (Lair:5)
  6 earth elementals
  6 water moccasin zombies
  9 wyvern skeletons
  6 scorpions
  3 water moccasin skeletons (Lair:6)
  An orc simulacrum (Vaults:1)
  A polar bear zombie (Crypt:1)
  22 wights
  34 killer bees
  2 troll skeletons
  A warg skeleton (Crypt:1)
  2 electric eels (Lair:4)
  3 howler monkeys (D:8)
  2 polar bear skeletons
  7 crimson imps
  A quasit (D:5)
  3 bullfrog zombies
  12 jellies
  18 orc priests
  4 centaur skeletons
  2 human zombies (Crypt:1)
  Crazy Yiuf (D:4)
  8 hounds
  8 bullfrog skeletons
  2 human skeletons (Crypt:1)
  6 iguanas
  24 orc wizards
  4 porcupine zombies
  4 porcupine skeletons
  12 worker ants
  A killer bee zombie (D:10)
  An ogre zombie (Crypt:3)
  An ogre skeleton (D:6)
  A crocodile skeleton (Lair:1)
  A hound skeleton (D:5)
  23 mummies
  A worker ant zombie (D:9)
  12 gnolls
  A howler monkey skeleton (D:10)
  15 adders
  A river rat (D:5)
  A shadow imp (D:6)
  18 oozes
  An adder skeleton (D:6)
  2 worms (Sewer)
  4 dart slugs
  11 leopard geckos
  An orc (shapeshifter) (Elf:1)
  81 orcs
  7 giant cockroaches
  6 goblins
  11 hobgoblins
  10 jackals
  7 quokkas
  6 ball pythons
  A ball python zombie (Crypt:1)
  10 bats
  5 frilled lizards
  3 jackal skeletons
  25 kobolds
  A quokka skeleton (D:6)
  2 quokka zombies
  12 rats
  A rat zombie (Crypt:2)
  A butterfly (Lair:3)
  3 spectral weapons
  A withered plant (Crypt:3)
2245 creatures vanquished.

Vanquished Creatures (collateral kills)
  An ugly thing (D:15)
  A hornet (Swamp:1)
  A spriggan (Lair:6)
  4 killer bees (D:9)
7 creatures vanquished.

Vanquished Creatures (others)
  A fire giant (Vaults:5)
  An ironheart preserver (Vaults:5)
  2 yaktaur captains (Vaults:5)
  30 dancing weapons
  A deep elf archer (Vaults:5)
  A deep elf mage (Elf:3)
  A black mamba (Snake:2)
  A salamander (Snake:2)
  A guardian serpent (Snake:4)
  5 yaktaurs
  A guardian mummy (Tomb:1)
  A hog (Swamp:3)
  2 nagas
  An ogre (Vaults:4)
  A mummy (Tomb:1)
  12 fungi
  6 plants
  26 spectral weapons
  8 toadstools (D:6)
  25 withered plants
127 creatures vanquished.

Grand Total: 2379 creatures vanquished

Notes
Turn   | Place    | Note
-------+----------+-------------------------------------------
     0 | D:1      | DildoBatman the Formicid Wizard began the quest for the
                  | Orb.
     0 | D:1      | Reached XP level 1. HP: 13/13 MP: 4/4
    23 | D:1      | Reached skill level 1 in Conjurations
   148 | D:1      | Reached XP level 2. HP: 19/19 MP: 1/6
   558 | D:1      | Reached XP level 3. HP: 24/24 MP: 0/7
   563 | D:1      | Learned a level 3 spell: Conjure Flame
   567 | D:1      | Learned a level 3 spell: Mephitic Cloud
  1833 | D:2      | Reached XP level 4. HP: 30/30 MP: 4/8
  2142 | D:2      | Found a white marble altar of Elyvilon.
  2271 | D:2      | Noticed a +0 hand axe
  2273 | D:2      | Noticed a +0 hand axe
  2274 | D:2      | Found a hide-covered altar of Uskayaw.
  2460 | D:2      | Reached XP level 5. HP: 24/35 MP: 3/9
  2762 | D:3      | Found a shimmering altar of Xom.
  3059 | D:3      | Noticed a centaur
  3870 | D:3      | Found a deep blue altar of Sif Muna.
  3980 | D:3      | Reached XP level 6. HP: 41/41 MP: 1/10
  4305 | D:4      | Reached skill level 5 in Conjurations
  4586 | D:4      | Found a white marble altar of Elyvilon.
  4821 | D:4      | Noticed an ogre
  4914 | D:4      | Found a runed translucent door.
  4915 | D:4      | Noticed Crazy Yiuf
  5028 | D:4      | Found a sparkling altar of Nemelex Xobeh.
  5166 | D:4      | Found a sacrificial altar of Ru.
  5448 | D:5      | Entered Level 5 of the Dungeon
  5469 | D:5      | Found a staircase to the Ecumenical Temple.
  5476 | Temple   | Entered the Ecumenical Temple
  5536 | Temple   | Reached skill level 1 in Poison Magic
  5596 | Temple   | Reached XP level 7. HP: 21/46 MP: 0/11
  5606 | Temple   | Reached skill level 1 in Shields
  5606 | Temple   | Reached skill level 1 in Fire Magic
  5704 | D:5      | Found a glowing drain.
  5731 | D:5      | Reached skill level 1 in Air Magic
  5774 | D:5      | Found a stormy altar of Qazlal.
  5774 | D:5      | Found a faded altar of an unknown god.
  5774 | D:5      | Noticed Sigmund
  5828 | D:5      | Found a radiant altar of Vehumet.
  5830 | D:5      | Found a faded altar of an unknown god.
  5831 | D:5      | Found a glowing golden altar of the Shining One.
  5863 | Sewer    | Entered a sewer
  6469 | Sewer    | Reached XP level 8. HP: 23/52 MP: 0/12
  6952 | D:7      | Found an ancient bone altar of Kikubaaqudgha.
  6963 | D:7      | Became a worshipper of Kikubaaqudgha
  7445 | D:5      | Killed Sigmund
  7445 | D:5      | Reached skill level 1 in Polearms
  7547 | D:5      | Reached XP level 9. HP: 49/57 MP: 0/15
  7595 | D:5      | Reached skill level 5 in Poison Magic
  7939 | D:4      | Killed Crazy Yiuf
  8079 | D:3      | Identified Sif Muna's Incunabulum of the Compass
  8228 | D:6      | Found a runed translucent gate.
  8228 | D:6      | Found a runed translucent gate.
  8228 | D:6      | Found a runed translucent gate.
  8229 | D:6      | Noticed icedog's ghost (novice BaCK)
  8230 | D:6      | Noticed DildoBatman's ghost (novice FoWz)
  8785 | D:6      | Reached * piety under Kikubaaqudgha
  8785 | D:6      | Identified Kikubaaqudgha's Grimoire of Necromancy
                  | (Kikubaaqudgha gifted it to you on level 6 of the Dungeon)
  8785 | D:6      | Received a gift from Kikubaaqudgha
  8785 | D:6      | Reached skill level 5 in Spellcasting
  8824 | D:6      | Learned a level 2 spell: Sublimation of Blood
  8828 | D:6      | Learned a level 3 spell: Regeneration
  8856 | D:6      | Reached skill level 5 in Fire Magic
  8869 | D:6      | Noticed a slime creature
  8875 | D:6      | Killed a slime creature
  8875 | D:6      | Noticed a slime creature
  8882 | D:6      | Killed a slime creature
  8882 | D:6      | Reached XP level 10. HP: 20/63 MP: 6/18
  9339 | D:6      | Reached skill level 1 in Charms
  9339 | D:6      | Reached skill level 1 in Necromancy
  9431 | D:7      | Reached skill level 5 in Air Magic
  9677 | D:7      | Found Oqizu's Distillery.
  9685 | D:7      | Bought a potion of degeneration for 13 gold pieces
  9769 | D:7      | Reached ** piety under Kikubaaqudgha
  9946 | D:8      | Found a glowing silver altar of Zin.
 10085 | D:8      | Found a staircase to the Lair.
 10725 | D:9      | Found Nihe's Antique Weapon Shop.
 10773 | D:9      | Reached skill level 5 in Necromancy
 10786 | D:9      | Found Oqeiv's General Store.
 10992 | D:9      | Found Nete's General Store.
 11122 | D:9      | Found a shadowy altar of Dithmenos.
 11130 | D:9      | Noticed Joseph
 11141 | D:9      | Killed Joseph
 11141 | D:9      | Reached *** piety under Kikubaaqudgha
 11141 | D:9      | Identified Kikubaaqudgha's Collected Works on Black Arts
                  | (Kikubaaqudgha gifted it to you on level 9 of the Dungeon)
 11141 | D:9      | Received a gift from Kikubaaqudgha
 11286 | D:9      | Reached XP level 11. HP: 24/68 MP: 7/20
 11460 | D:9      | HP: 2/68 [killer bee (6)]
 11635 | D:9      | Reached skill level 1 in Evocations
 11687 | D:9      | Reached skill level 1 in Fighting
 11687 | D:9      | Reached skill level 1 in Armour
 11877 | D:9      | Found Urirecoy's Distillery.
 11985 | D:9      | Bought a potion of mutation for 88 gold pieces
 11985 | D:9      | Gained mutation: You are dopey. (Int -2) [potion of
                  | mutation]
 11985 | D:9      | Gained mutation: You are somewhat resistant to further
                  | mutation. [potion of mutation]
 11986 | D:9      | Lost mutation: You are somewhat resistant to further
                  | mutation. [potion of mutation]
 11986 | D:9      | Lost mutation: You are dopey. (Int -2) [potion of mutation]
 11986 | D:9      | Gained mutation: Your flesh is cold resistant. (rC+)
                  | [potion of mutation]
 11986 | D:9      | Gained mutation: You are agile. (Dex +2) [potion of
                  | mutation]
 12040 | D:10     | Entered Level 10 of the Dungeon
 12086 | D:10     | Reached **** piety under Kikubaaqudgha
 12129 | D:10     | Noticed an unseen horror
 12141 | D:10     | Killed an unseen horror
 12234 | D:10     | Noticed an orc knight
 12249 | D:10     | Killed an orc knight
 12281 | D:10     | Reached skill level 5 in Shields
 12802 | D:10     | Reached XP level 12. HP: 69/81 MP: 7/21
 12959 | D:10     | Learned a level 5 spell: Dispel Undead
 13359 | D:10     | Got an ebony rapier
 13359 | D:10     | Got a dazzling plate armour
 13397 | D:10     | Identified the +10 plate armour of Gyil {rC- Dex+5} (You
                  | found it on level 10 of the Dungeon)
 13425 | D:10     | Identified the cursed +1 rapier of Recklessness {vamp,
                  | Str+2} (You found it on level 10 of the Dungeon)
 13466 | D:11     | Reached ***** piety under Kikubaaqudgha
 13691 | D:11     | Found a staircase to the Orcish Mines.
 14703 | Orc:1    | Entered Level 1 of the Orcish Mines
 14708 | Orc:1    | Noticed a two-headed ogre
 14729 | Orc:1    | Killed a two-headed ogre
 14757 | Orc:1    | Reached skill level 5 in Armour
 14786 | Orc:1    | Reached skill level 5 in Fighting
 14786 | Orc:1    | Reached skill level 5 in Evocations
 14803 | Orc:1    | Noticed an ettin
 14880 | Orc:1    | Found a roughly hewn altar of Beogh.
 15016 | Orc:1    | Killed an ettin
 15051 | Orc:1    | Found a dark tunnel.
 15057 | Volcano  | Entered a volcano
 15171 | Volcano  | Reached skill level 5 in Dodging
 15171 | Volcano  | Reached XP level 13. HP: 35/92 MP: 22/22
 15276 | Volcano  | Noticed a stone giant
 15301 | Volcano  | Killed a stone giant
 15753 | Orc:2    | Entered Level 2 of the Orcish Mines
 15753 | Orc:2    | Found a gate leading to a gauntlet.
 15753 | Orc:2    | Noticed Saint Roka
 16039 | Gauntlet | Entered a Gauntlet
 16039 | Gauntlet | Found a transporter.
 16052 | Gauntlet | Found a transporter.
 16063 | Gauntlet | Found a transporter.
 16068 | Gauntlet | Found a transporter.
 16082 | Gauntlet | Noticed a great orb of eyes
 16085 | Gauntlet | Found a transporter.
 16102 | Gauntlet | Found the macabre finger necklace {rN+}
 16102 | Gauntlet | Found a transporter.
 16114 | Gauntlet | Found a transporter.
 16126 | Gauntlet | Found a transporter.
 16138 | Gauntlet | Found a transporter.
 16150 | Gauntlet | Found a transporter.
 16167 | Gauntlet | Found a transporter.
 16185 | Gauntlet | Found a transporter.
 16187 | Gauntlet | Found a transporter.
 16214 | Gauntlet | Found a transporter.
 16214 | Gauntlet | Found a transporter.
 16234 | Gauntlet | Found a transporter.
 16312 | Gauntlet | Found a transporter.
 16332 | Gauntlet | Found a transporter.
 16464 | Gauntlet | Noticed a catoblepas
 16477 | Gauntlet | Killed a catoblepas
 16525 | Gauntlet | Gained mutation: Your body sometimes deteriorates upon
                  | taking damage. [a neqoxec]
 16594 | Gauntlet | Got a fine steel ring
 16630 | Gauntlet | Identified the ring "Yhedun" {rN+ MR- Str+3 Dex+4} (You
                  | found it in a Gauntlet)
 16635 | Gauntlet | Identified the cursed +0 pearl dragon scales "Rucujemu"
                  | {rF+ rN+ Int+5}
 16635 | Gauntlet | Noticed a minotaur
 16681 | Gauntlet | HP: 4/95 [minotaur/silver javelin (2)]
 16704 | Gauntlet | Killed a minotaur
 16998 | Orc:2    | Reached ****** piety under Kikubaaqudgha
 17048 | D:11     | Received a gift from Kikubaaqudgha
 17054 | D:11     | Fell from the grace of Kikubaaqudgha
 17238 | Temple   | Became a worshipper of Gozag Ym Sagoz the Greedy
 17368 | D:6      | Killed icedog's ghost
 17369 | D:6      | Killed DildoBatman's ghost
 17492 | Lair:1   | Entered Level 1 of the Lair of Beasts
 18344 | Lair:2   | Noticed a catoblepas
 18353 | Lair:2   | Killed a catoblepas
 19008 | Lair:2   | Noticed an eight-headed hydra
 19108 | Lair:2   | Killed a six-headed hydra
 19108 | Lair:2   | Reached XP level 14. HP: 48/105 MP: 20/23
 20213 | Lair:4   | Found a staircase to the Snake Pit.
 20510 | Lair:4   | Found a staircase to the Swamp.
 20705 | Lair:4   | Noticed Rupert
 20764 | Lair:4   | Killed Rupert
 20764 | Lair:4   | Reached skill level 10 in Fighting
 21028 | Lair:4   | Got a crude rapier
 21029 | Lair:4   | Identified the +10 rapier "Gyxagiq" {pain, rElec rC+} (You
                  | found it on level 4 of the Lair of Beasts)
 21868 | Lair:5   | Reached skill level 5 in Stealth
 22380 | Lair:6   | Entered Level 6 of the Lair of Beasts
 22394 | Lair:6   | Found a runed translucent door.
 22394 | Lair:6   | Found a viscous altar of Jiyva.
 22528 | Lair:6   | Found a staircase to the Slime Pits.
 22610 | Lair:6   | Reached skill level 5 in Polearms
 22645 | Lair:6   | Reached XP level 15. HP: 95/115 MP: 3/27
 22646 | Lair:6   | Noticed Snorg
 22656 | Lair:6   | Killed Snorg
 22793 | Lair:6   | Reached skill level 10 in Shields
 23756 | Lair:6   | Was forgiven by Kikubaaqudgha
 24556 | D:12     | Reached skill level 10 in Spellcasting
 25158 | D:13     | Found a gate to the Vaults.
 25922 | D:14     | Got a faintly glowing leather armour
 25989 | D:14     | Noticed Agnes
 26072 | D:14     | Killed Agnes
 26325 | D:14     | Reached XP level 16. HP: 122/122 MP: 30/30
 26353 | D:14     | Identified the +1 leather armour of Tartarus {rCorr Int-4
                  | Dex-4 Stlth+} (You found it on level 14 of the Dungeon)
 26786 | D:15     | Entered Level 15 of the Dungeon
 26792 | D:15     | Noticed Nessos
 26805 | D:15     | Killed Nessos
 27117 | D:15     | Reached skill level 15 in Shields
 27361 | D:15     | Reached skill level 10 in Necromancy
 27426 | D:15     | Found a staircase to the Depths.
 27468 | D:15     | Found Ulieps's Armour Shop.
 27812 | Orc:1    | Killed Saint Roka
 28139 | Orc:2    | Found a staircase to the Elven Halls.
 28551 | Orc:2    | Found Gisix's Gadget Shop.
 28551 | Orc:2    | Found Recepha's Armour Shoppe.
 28553 | Orc:2    | Found Ecuepn's Food Emporium.
 28555 | Orc:2    | Found Nin Jin's General Store.
 28567 | Orc:2    | Bought a potion of might for 44 gold pieces
 28567 | Orc:2    | Bought a scroll of identify for 22 gold pieces
 28567 | Orc:2    | Bought a potion of brilliance for 44 gold pieces
 29533 | Swamp:1  | Entered Level 1 of the Swamp
 29725 | Snake:1  | Entered Level 1 of the Snake Pit
 29803 | Snake:1  | Found Ufis's Assorted Antiques.
 29829 | Snake:1  | Bought a potion of curing for 126 gold pieces
 29829 | Snake:1  | Bought a scroll of identify for 84 gold pieces
 29954 | D:9      | Bought a potion of heal wounds for 55 gold pieces
 29954 | D:9      | Bought a potion of ambrosia for 88 gold pieces
 29954 | D:9      | Bought a potion of agility for 44 gold pieces
 29954 | D:9      | Bought a potion of brilliance for 44 gold pieces
 29954 | D:9      | Bought a potion of curing for 33 gold pieces
 29954 | D:9      | Bought a potion of heal wounds for 55 gold pieces
 29954 | D:9      | Bought a potion of brilliance for 44 gold pieces
 29954 | D:9      | Bought 2 potions of agility for 88 gold pieces
 29954 | D:9      | Bought a potion of curing for 33 gold pieces
 29954 | D:9      | Bought a potion of flight for 33 gold pieces
 29993 | D:9      | Bought 2 potions of resistance for 300 gold pieces
 29993 | D:9      | Bought a scroll of amnesia for 52 gold pieces
 29993 | D:9      | Bought a potion of curing for 45 gold pieces
 30061 | D:7      | Bought 2 potions of curing for 78 gold pieces
 30061 | D:7      | Bought a potion of heal wounds for 65 gold pieces
 30061 | D:7      | Bought a potion of brilliance for 52 gold pieces
 30061 | D:7      | Bought a potion of brilliance for 52 gold pieces
 30061 | D:7      | Bought a potion of brilliance for 52 gold pieces
 30061 | D:7      | Bought a potion of mutation for 104 gold pieces
 30223 | Orc:2    | Bought a wand of iceblast (7) for 165 gold pieces
 30223 | Orc:2    | Bought a wand of acid (7) for 330 gold pieces
 30223 | Orc:2    | Bought a wand of acid (11) for 450 gold pieces
 30335 | D:9      | Bought a smoking rapier for 243 gold pieces
 30356 | D:9      | Bought a scroll of acquirement for 676 gold pieces
 30358 | D:9      | Identified the +4 rapier "Xurchara" {antimagic, MR+} (You
                  | bought it in a shop on level 9 of the Dungeon)
 30380 | D:9      | Lost mutation: Your flesh is cold resistant. (rC+) [potion
                  | of mutation]
 30380 | D:9      | Lost mutation: You are agile. (Dex +2) [potion of mutation]
 30380 | D:9      | Lost mutation: Your body sometimes deteriorates upon taking
                  | damage. [potion of mutation]
 30380 | D:9      | Gained mutation: You possess an exceptional clarity of
                  | mind. [potion of mutation]
 30380 | D:9      | Gained mutation: Your muscles are strong. (Str +2) [potion
                  | of mutation]
 30384 | D:9      | Bought a potion of might for 64 gold pieces
 30384 | D:9      | Bought a potion of might for 64 gold pieces
 30384 | D:9      | Bought a potion of curing for 48 gold pieces
 30384 | D:9      | Bought a potion of mutation for 128 gold pieces
 30384 | D:9      | Bought a potion of heal wounds for 80 gold pieces
 30384 | D:9      | Bought a potion of heal wounds for 80 gold pieces
 30384 | D:9      | Lost mutation: You possess an exceptional clarity of mind.
                  | [potion of mutation]
 30384 | D:9      | Lost mutation: Your muscles are strong. (Str +2) [potion of
                  | mutation]
 30384 | D:9      | Gained mutation: You are robust. (+10% HP) [potion of
                  | mutation]
 30384 | D:9      | Gained mutation: You have a somewhat thin skeletal
                  | structure. (Dex +2, Stealth) [potion of mutation]
 30392 | D:9      | Learned a level 5 spell: Agony
 30398 | D:9      | Learned a level 5 spell: Bolt of Draining
 30405 | D:9      | Learned a level 6 spell: Deflect Missiles
 30524 | Snake:1  | Found Vatic's General Store.
 30577 | Snake:1  | Bought a potion of brilliance for 68 gold pieces
 30622 | Snake:1  | Found Reagrim's General Store.
 30644 | Snake:1  | Reached skill level 1 in Short Blades
 30654 | Snake:1  | Bought a scroll of immolation for 45 gold pieces
 30750 | Snake:1  | Found Osub's Antique Weapon Emporium.
 30952 | Snake:1  | Reached XP level 17. HP: 138/140 MP: 21/31
 31025 | Snake:1  | Found Oxugur's Weapon Shoppe.
 31649 | Snake:2  | Found Xiseuwn's Antique Armour Emporium.
 31649 | Snake:2  | Found Biuhoc's Antique Weapon Shoppe.
 31721 | Snake:2  | Reached skill level 5 in Charms
 33179 | Snake:3  | Found a stormy altar of Qazlal.
 33189 | Snake:3  | Got a spiked ring mail
 33850 | Snake:4  | Entered Level 4 of the Snake Pit
 33891 | Snake:4  | Reached skill level 5 in Short Blades
 33914 | Snake:4  | Noticed Mara
 33935 | Snake:4  | Killed Mara
 33935 | Snake:4  | Reached XP level 18. HP: 83/147 MP: 19/33
 33982 | Snake:4  | Identified the +3 ring mail "Plog" {rC+} (You found it on
                  | level 3 of the Snake Pit)
 34271 | Snake:4  | Noticed Bai Suzhen
 34331 | Snake:4  | Killed Bai Suzhen
 35270 | Snake:4  | Noticed Aizul
 35281 | Snake:4  | Killed Aizul
 35864 | Snake:4  | Reached XP level 19. HP: 101/154 MP: 1/35
 36366 | Snake:4  | Got a serpentine rune of Zot
 38011 | Swamp:2  | Learned a level 5 spell: Aura of Abjuration
 38072 | Swamp:2  | Got a steaming quarterstaff
 38583 | Swamp:2  | Learned a level 5 spell: Bolt of Magma
 38645 | Swamp:3  | Noticed Kirke
 38750 | Swamp:3  | Reached skill level 1 in Earth Magic
 38787 | Swamp:3  | Killed Kirke
 38962 | Swamp:3  | Reached skill level 2 in Earth Magic
 39125 | Swamp:3  | Reached skill level 10 in Charms
 39433 | Swamp:4  | Entered Level 4 of the Swamp
 39458 | Swamp:4  | Reached XP level 20. HP: 161/161 MP: 31/38
 39535 | Swamp:4  | Reached skill level 3 in Earth Magic
 39772 | Swamp:4  | Reached skill level 4 in Earth Magic
 39918 | Swamp:4  | Reached skill level 10 in Conjurations
 39918 | Swamp:4  | Reached skill level 10 in Air Magic
 39969 | Swamp:4  | Reached skill level 5 in Earth Magic
 40059 | Swamp:4  | Reached skill level 5 in Summonings
 40117 | Swamp:4  | Noticed the 27-headed Lernaean hydra
 40119 | Swamp:4  | Identified the +7 quarterstaff of Instinct {speed, rPois
                  | rC+ Str+7 Int-4} (You found it on level 2 of the Swamp)
 40736 | Vaults:1 | Entered Level 1 of the Vaults
 40796 | Vaults:1 | Reached skill level 6 in Earth Magic
 41129 | Vaults:1 | Reached skill level 7 in Earth Magic
 41505 | Vaults:1 | Reached skill level 8 in Earth Magic
 41601 | Vaults:1 | Reached skill level 9 in Earth Magic
 42400 | Vaults:2 | Reached XP level 21. HP: 143/166 MP: 20/39
 42774 | Vaults:2 | Reached skill level 10 in Earth Magic
 42827 | Vaults:2 | Got a pitted lead ring
 43406 | Vaults:2 | Reached skill level 11 in Earth Magic
 43513 | Vaults:2 | Found Qybe's Book Shoppe.
 43735 | Vaults:2 | Reached skill level 10 in Summonings
 44459 | Vaults:2 | Reached skill level 12 in Earth Magic
 44789 | Vaults:3 | Found a staircase to the Crypt.
 44999 | Vaults:3 | Reached skill level 15 in Spellcasting
 45031 | Vaults:3 | Identified the ring of Qupaigoi {rC+ MR+ Dex+3} (You found
                  | it on level 2 of the Vaults)
 45157 | Vaults:2 | Learned a level 8 spell: Necromutation
 45591 | Vaults:3 | Reached XP level 22. HP: 137/172 MP: 2/41
 47264 | Vaults:4 | Reached skill level 15 in Necromancy
 47855 | Elf:1    | Entered Level 1 of the Elven Halls
 48275 | Elf:1    | Found Wummoe's Antique Armour Shop.
 48923 | Elf:2    | Found an ancient bone altar of Kikubaaqudgha.
 49059 | Elf:2    | Reached XP level 23. HP: 153/179 MP: 43/43
 49340 | Elf:2    | Found a huge runed translucent gate.
 49340 | Elf:2    | Found a huge runed translucent gate.
 49341 | Elf:2    | Found a huge runed translucent gate.
 49489 | Elf:2    | Found a huge runed translucent gate.
 49489 | Elf:2    | Found a huge runed translucent gate.
 50037 | Elf:2    | Noticed Donald
 50064 | Elf:2    | Killed Donald
 50229 | Elf:3    | Entered Level 3 of the Elven Halls
 50312 | Elf:3    | Found Coffoh's Gadget Emporium.
 50313 | Elf:3    | Found Vacsaix's Jewellery Shop.
 50314 | Elf:3    | Found Neut Wel's Gadget Emporium.
 50320 | Elf:3    | Bought a wand of iceblast (3) for 105 gold pieces
 50324 | Elf:3    | Bought a wand of acid (5) for 234 gold pieces
 50324 | Elf:3    | Bought a wand of acid (6) for 260 gold pieces
 50324 | Elf:3    | Bought a wand of acid (7) for 286 gold pieces
 50467 | Elf:3    | Found Xorhad's Antique Armour Shoppe.
 50468 | Elf:3    | Found a runed translucent gate.
 50469 | Elf:3    | Found a runed translucent gate.
 50470 | Elf:3    | Found a runed translucent gate.
 50470 | Elf:3    | Found an opulent altar of Gozag.
 50471 | Elf:3    | Noticed kalagan's ghost (journeyman BaSu)
 50569 | Elf:3    | Found Cecisifu's General Store.
 50577 | Elf:3    | Bought a potion of invisibility for 152 gold pieces
 50577 | Elf:3    | Bought a scroll of identify for 38 gold pieces
 50605 | Elf:3    | Found Goduwk's Assorted Antiques.
 50655 | Elf:3    | Bought a potion of heal wounds for 150 gold pieces
 50655 | Elf:3    | Bought a scroll of enchant armour for 225 gold pieces
 50655 | Elf:3    | Bought a scroll of acquirement for 1560 gold pieces
 50655 | Elf:3    | Bought a potion of curing for 90 gold pieces
 51191 | Elf:3    | Got a shimmering chain mail
 51202 | Elf:3    | Identified the cursed +1 chain mail "Bybiebosot" {Dex+4}
                  | (You found it on level 3 of the Elven Halls)
 51260 | Elf:3    | Killed kalagan's ghost
 52016 | Elf:3    | Reached XP level 24. HP: 187/187 MP: 39/43
 52035 | Elf:3    | Reached skill level 1 in Transmutations
 52039 | Elf:3    | Identified the +10 flail "Farrinun" {freeze, rF++ Dex+2}
 52113 | Elf:3    | Got a wavering diamond amulet
 52486 | Elf:3    | Identified the amulet of Epsag {Reflect +Inv rElec Str-3
                  | Dex+4 SH+2} (You found it on level 3 of the Elven Halls)
 52490 | Elf:3    | Got a spiked chain mail
 52501 | Elf:3    | Identified the +1 chain mail of Slovenliness {-Tele Dex+7}
                  | (You acquired it on level 3 of the Elven Halls)
 52553 | Elf:3    | Got a thick robe
 52564 | Elf:3    | Identified the +1 robe "Ykhla" {Dex+2} (You found it on
                  | level 3 of the Elven Halls)
 53282 | Vaults:2 | Bought a book of Battle for 680 gold pieces
 53286 | Vaults:2 | Learned a level 3 spell: Spectral Weapon
 53371 | D:13     | Learned a level 9 spell: Shatter
 53374 | D:13     | Learned a level 2 spell: Swiftness
 53516 | Crypt:1  | Entered Level 1 of the Crypt
 53624 | Crypt:1  | Reached skill level 1 in Hexes
 53818 | Crypt:1  | Reached skill level 5 in Transmutations
 53956 | Crypt:1  | Reached skill level 5 in Hexes
 54193 | Crypt:1  | Noticed Xtahua
 54219 | Crypt:1  | Killed Xtahua
 55277 | Crypt:2  | Reached skill level 10 in Transmutations
 55880 | Crypt:3  | Entered Level 3 of the Crypt
 56243 | Crypt:3  | Reached XP level 25. HP: 179/194 MP: 7/43
 56524 | Crypt:3  | Noticed Jory
 56571 | Crypt:3  | Killed Jory
 56673 | Crypt:3  | Found a staircase to the Tomb.
 57550 | Crypt:3  | Found an ancient bone altar of Kikubaaqudgha.
 58597 | Crypt:3  | Noticed an ancient lich
 58622 | Crypt:3  | Killed an ancient lich
 58668 | Crypt:3  | Got a wavering jade ring
 58679 | Crypt:3  | Got a shimmering ivory ring
 58703 | Crypt:3  | Identified the ring of Hufuth {rPois MR+ Int+7 Stlth+} (You
                  | found it on level 3 of the Crypt)
 58705 | Crypt:3  | Identified the ring of Aclel {Wiz +Blink rPois Slay+2} (You
                  | found it on level 3 of the Crypt)
 58898 | Crypt:3  | Reached skill level 15 in Transmutations
 58914 | Crypt:3  | Identified the Grimoire of Calling and Contamination
 59002 | Crypt:3  | Got a slimy robe
 59016 | Crypt:3  | Identified the +2 robe "Efun" {rN+} (You found it on level
                  | 3 of the Crypt)
 59024 | Crypt:3  | Got a bloodstained ring mail
 59030 | Crypt:3  | Identified the cursed +1 ring mail "Codemidy" {rPois Dex+3}
                  | (You found it on level 3 of the Crypt)
 59877 | Swamp:4  | Killed the 15-headed Lernaean hydra
 59882 | Swamp:4  | Got a decaying rune of Zot
 60488 | Tomb:1   | Entered Level 1 of the Tomb of the Ancients
 60614 | Tomb:1   | Noticed Frederick
 60637 | Tomb:1   | Killed Frederick
 60637 | Tomb:1   | Reached skill level 1 in Maces & Flails
 61071 | Tomb:1   | Identified the Catalogue of Virous Aid
 61220 | Tomb:1   | Noticed a greater mummy
 61245 | Tomb:1   | Killed a greater mummy
 61468 | Tomb:1   | Reached skill level 5 in Maces & Flails
 61513 | Tomb:1   | Reached XP level 26. HP: 137/202 MP: 6/43
 63873 | Vaults:5 | Entered Level 5 of the Vaults
 63899 | Vaults:4 | Reached skill level 13 in Earth Magic
 64294 | Vaults:5 | Noticed an ancient lich
 64318 | Vaults:4 | Reached skill level 14 in Earth Magic
 64403 | Vaults:4 | Killed an ancient lich
 64658 | Vaults:4 | Reached skill level 15 in Earth Magic
 65101 | Vaults:5 | Reached skill level 16 in Earth Magic
 65216 | Vaults:5 | Got a transparent tin ring
 65220 | Vaults:5 | Identified the ring of the Well-Known Ships {rF+ Stlth-}
                  | (You found it on level 5 of the Vaults)
 65592 | Vaults:5 | Reached skill level 17 in Earth Magic
 65742 | Vaults:5 | HP: 7/202 [titan/the air (23)]
 65756 | Vaults:5 | Reached skill level 18 in Earth Magic
 65991 | Vaults:5 | Identified the amulet of Nobility {Faith rElec rPois rC+}
 66177 | Vaults:5 | Reached XP level 27. HP: 203/209 MP: 34/43
 66488 | Vaults:5 | Reached skill level 19 in Earth Magic
 66730 | Vaults:5 | Identified the Reference Book on the Noxious Volcanoes
 66890 | Vaults:5 | Got a silver rune of Zot
 67094 | Vaults:5 | Noticed an ancient lich
 67104 | Vaults:5 | Killed an ancient lich
 67116 | Vaults:5 | Reached skill level 20 in Earth Magic
 67157 | Vaults:5 | Identified the +2 robe of Listlessness {rF+}
 67332 | Vaults:5 | Identified the +8 mace "Gadif" {elec, MR+ Dex+3}
 67777 | Vaults:5 | Got a shimmering dagger
 67779 | Vaults:5 | Identified the +3 dagger "Nazu" {flame, Fragile rPois Str+3
                  | SInv} (You found it on level 5 of the Vaults)
 68648 | Tomb:1   | Reached skill level 21 in Earth Magic
 68648 | Tomb:1   | Noticed a greater mummy
 68648 | Tomb:1   | Noticed a greater mummy
 68648 | Tomb:1   | Noticed a greater mummy
 68648 | Tomb:1   | Noticed a greater mummy
 68648 | Tomb:1   | Noticed a greater mummy
 68665 | Tomb:1   | Noticed a greater mummy
 68669 | Tomb:1   | Noticed a greater mummy
 68674 | Tomb:1   | Killed a greater mummy
 68674 | Tomb:1   | Killed a greater mummy
 68674 | Tomb:1   | Killed a greater mummy
 68676 | Tomb:1   | Killed a greater mummy
 68676 | Tomb:1   | Killed a greater mummy
 68686 | Tomb:1   | Slain by a bennu

Skill      XL: |  1  2  3  4  5  6  7  8  9 10 11 12 13 14 15 16 17 18 19 20 21 22 23 24 25 26 27 |
---------------+----------------------------------------------------------------------------------+-----
Conjurations   | 1 2 3 4 5 6 8 9 10 | 10.0
Poison Magic   | 1 2 4 6 |  6.0
Shields        | 3 6 9 13 15 16 | 16.0
Fire Magic     | 2 3 5 |  5.0
Air Magic      | 1 3 4 5 6 8 9 10 | 10.0
Polearms       | 1 2 5 |  5.1
Spellcasting   | 4 5 6 8 10 11 12 14 15 16 | 16.0
Charms         | 4 6 9 10 | 10.0
Necromancy     | 7 9 12 15 18 19 | 19.0
Dodging        | 3 5 7 |  7.0
Evocations     | 3 5 7 8 |  8.0
Fighting       | 3 5 8 10 | 10.1
Armour         | 3 5 8 9 |  9.0
Stealth        | 6 |  6.0
Short Blades   | 1 5 |  5.0
Summonings     | 3 8 10 | 10.0
Earth Magic    | 2 9 12 18 21 | 21.9
Transmutations | 11 15 16 | 16.0
Hexes          | 6 |  6.2
Maces & Flails | 5 |  5.3
Translocations | |  0.8

Action                   |  1- 3 |  4- 6 |  7- 9 | 10-12 | 13-15 | 16-18 | 19-21 | 22-24 | 25-27 || total
-------------------------+-------+-------+-------+-------+-------+-------+-------+-------+-------++-------
Melee: Unarmed           |     2 |       |       |       |       |       |       |       |       ||     2
       Club              |    40 |       |       |       |       |       |       |       |       ||    40
       Falchion          |       |    71 |    58 |       |       |       |       |       |       ||   129
       Trident           |       |    15 |   194 |   747 |   848 |     5 |     8 |       |       ||  1817
       Scimitar          |       |       |       |       |     7 |       |       |       |       ||     7
       Rapier            |       |       |       |       |   446 |  1173 |  1025 |   675 |       ||  3319
       Staff             |       |       |       |       |       |       |     1 |       |    44 ||    45
       Halberd           |       |       |       |       |       |       |       |   492 |   277 ||   769
       Flail             |       |       |       |       |       |       |       |     9 |     1 ||    10
       Demon whip        |       |       |       |       |       |       |       |       |   348 ||   348
 Fire: Blowgun           |       |       |     2 |       |       |       |       |       |       ||     2
       Hunting sling     |       |       |       |    49 |     9 |       |       |       |       ||    58
 Cast: Magic Dart        |    84 |   166 |   127 |    70 |    56 |       |       |       |       ||   503
       Conjure Flame     |       |     6 |    27 |    66 |   107 |    27 |    54 |    77 |    24 ||   388
       Mephitic Cloud    |       |     3 |    25 |    73 |   157 |    56 |    64 |    56 |       ||   434
       Regeneration      |       |       |       |    34 |    78 |    89 |    95 |   103 |    60 ||   459
       Sublimation of Bl |       |       |       |     2 |    20 |    22 |   136 |   129 |    44 ||   353
       Dispel Undead     |       |       |       |     2 |     9 |    10 |    53 |    92 |    57 ||   223
       Bolt of Draining  |       |       |       |       |       |    80 |   201 |   146 |       ||   427
       Agony             |       |       |       |       |       |    24 |    57 |    24 |       ||   105
       Deflect Missiles  |       |       |       |       |       |     1 |     7 |       |     5 ||    13
       Bolt of Magma     |       |       |       |       |       |       |    40 |    86 |   326 ||   452
       Aura of Abjuratio |       |       |       |       |       |       |       |     1 |    13 ||    14
       Spectral Weapon   |       |       |       |       |       |       |       |    57 |    72 ||   129
       Necromutation     |       |       |       |       |       |       |       |       |    82 ||    82
       Shatter           |       |       |       |       |       |       |       |       |     9 ||     9
       Swiftness         |       |       |       |       |       |       |       |       |     1 ||     1
Invok: Receive Necronomi |       |       |       |       |     1 |       |       |       |       ||     1
       Renounce Religion |       |       |       |       |     1 |       |       |       |       ||     1
       Potion Petition   |       |       |       |       |     1 |     1 |       |     3 |    15 ||    20
       Call Merchant     |       |       |       |       |       |     1 |       |       |       ||     1
 Abil: Dig               |     2 |     6 |    23 |    22 |    51 |    32 |     4 |    13 |     2 ||   155
       End Transformatio |       |       |       |       |       |       |       |       |    18 ||    18
Evoke: Wand              |       |       |       |     8 |    20 |    22 |    15 |     1 |     4 ||    70
       Lightning rod     |       |       |       |     4 |     1 |     1 |     4 |    13 |    10 ||    33
       Lamp of fire      |       |       |       |       |     2 |     3 |     2 |     6 |     3 ||    16
       Fan of gales      |       |       |       |       |       |       |       |     2 |     3 ||     5
       Phial of floods   |       |       |       |       |       |       |       |     1 |     1 ||     2
       Staff of energy   |       |       |       |       |       |       |       |       |   591 ||   591
  Use: Potion            |     2 |     1 |     4 |     4 |     8 |    13 |       |     4 |     8 ||    44
       Scroll            |     1 |     5 |     2 |     7 |     9 |    10 |     4 |    24 |     6 ||    68
 Stab: Confused          |       |       |    11 |    20 |    74 |    31 |    36 |    25 |       ||   197
       Sleeping          |       |       |     2 |     2 |     9 |     8 |     5 |     8 |       ||    34
       Distracted        |       |       |       |     1 |       |     8 |     6 |     7 |     7 ||    29
       Paralysed         |       |       |       |       |       |       |     1 |       |       ||     1
       Invisible         |       |       |       |       |       |       |       |       |     6 ||     6
  Eat: Chunk             |     2 |    13 |    18 |    27 |    10 |       |       |       |       ||    70
       Ration            |       |       |       |       |    13 |    16 |    12 |    14 |    11 ||    66
Armor: Robe              |    14 |    24 |    26 |     7 |       |       |       |       |       ||    71
       Skin              |    12 |       |     9 |       |       |     2 |       |       |       ||    23
       Leather armour    |       |       |       |    12 |       |     4 |       |       |       ||    16
       Troll leather arm |       |       |       |    50 |   212 |   239 |   203 |   376 |   338 ||  1418
Dodge: Dodged            |    76 |   101 |   138 |   250 |   670 |   570 |   431 |   551 |   440 ||  3227
       Deflected         |       |       |       |       |       |     6 |    28 |    20 |    30 ||    84
Block: Buckler           |       |       |    21 |    69 |       |       |       |       |       ||    90
       Shield            |       |       |       |    63 |   558 |   487 |       |       |       ||  1108
       Large shield      |       |       |       |       |       |   363 |   919 |  1193 |  1026 ||  3501
       Reflection        |       |       |       |       |       |       |       |     1 |    42 ||    43
       Rpst.: Falchion   |       |    30 |    19 |       |       |       |       |       |       ||    49
